 Dungeon Crawl Stone Soup version 0.22-a0-305-gd21a89c (webtiles) character file.

6 Amnesiac the Magician (level 1, -1/13 HPs)
             Began as a Mummy Conjurer on Mar 30, 2018.
             Slain by a kobold (4 damage)
             ... on level 1 of the Dungeon.
             The game lasted 00:00:22 (148 turns).

Amnesiac the Magician (Mummy Conjurer)               Turns: 148, Time: 00:00:23

Health: -1/13      AC:  2    Str: 11    XL:     1   Next: 75%
Magic:  2/4        EV: 12    Int: 14    God:
Gold:   0          SH:  0    Dex: 12    Spells: 5/6 levels left

rFire    x . .     SeeInvis .   (no weapon)
rCold    + . .     Gourm    .   (no shield)
rNeg     + + +     Faith    .   a - +0 robe
rPois    ∞         Spirit   .   (no helmet)
rElec    .         Reflect  .   (no cloak)
rCorr    .         Harm     .   (no gloves)
MR       .....                  (no boots)
Stlth    ++........             (no amulet)
HPRegen  0.04/turn              (no ring)
MPRegen  0.09/turn              (no ring)

@: no status effects
A: no food or potions, fire vulnerability, cold resistance 1, negative energy
resistance 3, torment resistance, unbreathing
a: no special abilities


You were on level 1 of the Dungeon.
You were not hungry.

You visited 1 branch of the dungeon, and saw 1 of its levels.

Inventory:

Armour
 a - a +0 robe (worn)


   Skills:
 - Level 1.5 Dodging
 - Level 1.5 Stealth
 + Level 3.3 Spellcasting
 * Level 3.3 Conjurations


You had 5 spell levels left.
You knew the following spells:

 Your Spells              Type           Power        Failure   Level  Hunger
a - Magic Dart            Conj           ##..         5%          1    N/A

Dungeon Overview and Level Annotations

Branches:
Dungeon (1/15)

Altars:


Innate Abilities, Weirdness & Mutations

You do not eat or drink.
Your flesh is vulnerable to fire.
You are immune to poison.
Your flesh is cold resistant. (rC+)
You are immune to negative energy. (rN+++)
You are immune to unholy pain and torment.
You can survive without breathing.


Message History

The magic dart hits the bat.
The bat is moderately wounded.
The bat barely misses you.
A bat is nearby!
Casting: Magic Dart (safe; 5% risk of failure)
Confirm with . or Enter, or press ? or * to list all spells.
Aiming: Magic Dart (safe; 5% risk of failure)
Press: ? - help, Shift-Dir - straight line, f/p - bat
Aim: a bat (moderately wounded)
The magic dart hits the bat.
You kill the bat!
Training target 3.2 for Spellcasting reached!
You need to enable at least one skill for training.
You start resting.
A rat comes into view.
A rat is nearby!
A rat is nearby!
Casting: Magic Dart (safe; 5% risk of failure)
Confirm with . or Enter, or press ? or * to list all spells.
You don't have enough magic to cast that spell.
A kobold comes into view. It is wielding a dagger.
A dart slug comes into view.
The kobold throws a stone.
The stone completely misses you.
Casting: Magic Dart (safe; 5% risk of failure)
Confirm with . or Enter, or press ? or * to list all spells.
You don't have enough magic to cast that spell.
The dart slug moves out of view.
You barely miss the rat. The rat closely misses you.
The kobold throws a stone.
The stone barely misses you.
You hit the rat but do no damage. The rat barely misses you.
The kobold throws a stone.
The stone closely misses you.
You barely miss the rat. The rat bites you.
You hit the rat but do no damage. The rat barely misses you.
The kobold throws a stone.
The stone closely misses you.
You hit the rat.
The rat is severely wounded.
The rat bites you.
Casting: Magic Dart (safe; 5% risk of failure)
Confirm with . or Enter, or press ? or * to list all spells.
Aiming: Magic Dart (safe; 5% risk of failure)
Press: ? - help, Shift-Dir - straight line, f - rat
Aim: a rat (severely wounded)
The magic dart hits the rat.
You kill the rat!
Training target 3.3 for Conjurations reached!
You need to enable at least one skill for training.
The dart slug launches a dart at you. The slug dart hits you!
* * * LOW HITPOINT WARNING * * *
The dart slug launches a dart at you. The slug dart misses you.
You see here a glowing orange potion {!q}.
A kobold comes into view.
The kobold shouts!
The kobold misses you.
Casting: Magic Dart (safe; 5% risk of failure)
Confirm with . or Enter, or press ? or * to list all spells.
Aiming: Magic Dart (safe; 5% risk of failure)
Press: ? - help, Shift-Dir - straight line, f - kobold
Aim: a kobold The magic dart hits the kobold.
The kobold is moderately wounded.
The kobold hits you.
You die...

### ### ### #######.###.#
#.# ..........K.# #.#
#######.#.#.# #.######
........#.#.########......#
###
#(...........K.K@.........#
#≈≈
###.#####.#.########.###..#
#≈≈ ###.# #.#.########.#
#..#####.≈ ....#
#.#..........# #.........
.#### #.########.###
#..###.... .######
#.##.......#####..# ##...
......# #............)....#
##.. .######
####.#......####..# #≈≈
.†...... #.###..# #..# #≈≈


You could see 2 kobolds.

Vanquished Creatures
  A ball python (D:1)
  2 kobolds (D:1)
  2 bats (D:1)
  A rat (D:1)
6 creatures vanquished.

Notes
Turn   | Place    | Note
-------+----------+-------------------------------------------
     0 | D:1      | Amnesiac the Mummy Conjurer began the quest for the Orb.
     0 | D:1      | Reached XP level 1. HP: 13/13 MP: 4/4
   148 | D:1      | Slain by a kobold

Vault maps used:
D:1:      dpeg_arrival_chase, solitary_fountain, kennysheep_pointless_box,
          minmay_split_cup_large

Skill      XL: |  1 |
---------------+----+-----
Spellcasting   | 3 |  3.3
Dodging        | |  1.5
Stealth        | |  1.5
Conjurations   | |  3.3

Action                   || total
-------------------------++-------
Melee: Unarmed           ||     5
 Cast: Magic Dart        ||    11
Dodge: Dodged            ||    10

Table legend:
 A = Spawn XP
 B = Non-spawn XP
 C = Spawn XP percentage of total XP
 D = Spawn monster count
 E = Non-spawn monster count
 F = Spawn count percentage of total count
 G = Total turns spent on level
                    A         B        C        D         E        F      G
               +---------+---------+-------+---------+---------+-------+---------
         Total |       0 |       9 |   0.0 |       0 |       6 |   0.0 |   148
               +---------+---------+-------+---------+---------+-------+---------
           D:1 |       0 |       9 |   0.0 |       0 |       6 |   0.0 |   148
               +---------+---------+-------+---------+---------+-------+---------
